 Dungeon Crawl Stone Soup version 0.32-a0-893-gf85d74f360 (webtiles) character file.

Game seed: 10478437490660865113

7308 BubbleThief the Unseen (level 10, -1/76 HPs)
             Began as a Vampire Enchanter on Apr 3, 2024.
             Was a Priest of Dithmenos.
             Slain by a skeletal warrior
             ... wielding a +0 glaive
              (18 damage)
             ... on level 8 of the Dungeon on Apr 4, 2024.
             The game lasted 00:18:16 (8695 turns).

BubbleThief the Unseen (Vampire Enchanter)          Turns: 8695, Time: 00:18:17

Health: -1/76      AC:  5    Str:  7    XL:     10   Next: 90%
Magic:  0/13       EV: 21    Int: 17    God:    Dithmenos [***...]
Gold:   456        SH:  0    Dex: 20    Spells: 8/13 levels left

rFire   . . .        J - +3 dagger
rCold   . . .        (no shield)
rNeg    . . .        b - +0 robe
rPois   .            n - +0 helmet
rElec   .            s - scarf {shadows}
rCorr   .            g - +0 pair of gloves
SInv    +            q - +0 pair of boots
Will    +....        j - amulet of guardian spirit
Stlth   +++++++++    t - +5 ring of evasion
HPRegen 0.52/turn    e - ring of flight
MPRegen 0.13/turn

%: guardian spirit
@: flying, healing quickly, wreathed by umbra
A: alive, fangs 3, see invisible, vampiric 2
a: Exsanguinate, Renounce Religion, Shadow Step


You were on level 8 of the Dungeon.
You worshipped Dithmenos.
Dithmenos was most pleased with you.
You visited 2 branches of the dungeon, and saw 9 of its levels.

You collected 456 gold pieces.

Inventory:

Hand Weapons
 J - a +3 dagger (weapon)
Missiles
 d - 2 atropa-tipped darts (quivered)
 H - a curare-tipped dart
Armour
 b - a +0 robe (worn)
 g - a +0 pair of gloves (worn)
 n - a +0 helmet (worn)
 q - a +0 pair of boots (worn)
 s - a scarf of shadows (worn)
Jewellery
 a - a ring of magical power
 e - a ring of flight (right hand)
 j - an amulet of guardian spirit (around neck)
 t - a +5 ring of evasion (left hand)
Wands
 C - a wand of flame (14)
 D - a wand of warping (14)
 F - a wand of light (11)
Scrolls
 l - a scroll of fog {unknown}
 m - 4 scrolls of identify {unknown}
 o - 2 scrolls of enchant armour {unknown}
 p - 5 scrolls of teleportation {unknown}
 r - 5 scrolls of amnesia {unknown}
 w - 2 scrolls of vulnerability {unknown}
 y - a scroll of brand weapon {unknown}
 z - a scroll of enchant weapon {unknown}
 A - 4 scrolls of silence {unknown}
 B - 2 scrolls of blinking {unknown}
 E - a scroll of revelation {unknown}
 I - a scroll of immolation {unknown}
Potions
 c - 3 potions of invisibility
 f - 8 potions of curing {unknown}
 h - 3 potions of haste {unknown}
 i - 6 potions of heal wounds {unknown}
 k - a potion of attraction {unknown}
 u - a potion of berserk rage {unknown}
 v - a potion of might {unknown}
 x - 2 potions of brilliance {unknown}
 G - a potion of mutation {unknown}


   Skills:
 + Level 5.8 Fighting
 + Level 8.3 Short Blades
 + Level 7.4 Dodging
 - Level 16.0 Stealth
 - Level 2.0 Spellcasting
 + Level 9.8 Hexes


You had 8 spell levels left.
You knew the following spells:

 Your Spells              Type           Power      Damage    Failure   Level
a - Ensorcelled Hibernat  Hex/Ice        36%        N/A       3%          2
b - Confusing Touch       Hex            35%        N/A       1%          3

Your spell library contained the following spells:

 Spells                   Type           Power      Damage    Failure   Level
 Jinxbite                 Hex            70%        N/A       1%          2
 Tukima's Dance           Hex            35%        N/A       1%          3
 Dazzling Flash           Conj/Hex       36%        N/A       8%          3
 Apportation              Tloc           2%         N/A       19%         1
 Freeze                   Ice            4%         1d3       19%         1
 Kiss of Death            Conj/Necr      4%         2d5       19%         1
 Necrotise                Necr           4%         1d4       19%         1
 Blink                    Tloc           2%         N/A       28%         2
 Call Imp                 Summ           2%         N/A       28%         2
 Lesser Beckoning         Tloc           2%         N/A       28%         2
 Momentum Strike          Conj/Tloc      2%         3d8       28%         2
 Sublimation of Blood     Necr           1%         N/A       28%         2
 Frozen Ramparts          Ice            2%         1d1       50%         3
 Hailstorm                Conj/Ice       1%         3d5       50%         3
 Vampiric Draining        Necr           1%         2d6       50%         3
 Dispel Undead            Necr           1%         3d6       88%         4
 Martyr's Knell           Necr/Summ      1%         N/A       88%         4
 Alistair's Intoxication  Alch           0%         N/A       99%         5
 Borgnjor's Vile Clutch   Necr/Erth      0%         N/A       99%         5
 Curse of Agony           Necr           1%         N/A       99%         5
 Eringya's Noxious Bog    Alch           0%         4d6       100%        6
 Starburst                Conj/Fire      0%         6d3       100%        6
 Summon Hydra             Summ           0%         N/A       100%        7
 Maxwell's Capacitive Co  Air            0%         ∞         100%        8


Dungeon Overview and Level Annotations

Branches:
Dungeon (8/15)             Temple (1/1) D:4            Lair (0/5) D:8

Altars:
Cheibriados
Dithmenos
Fedhas
Gozag
Hepliaklqana
Kikubaaqudgha
Makhleb
Nemelex Xobeh
Okawaru
Ru
Sif Muna
Trog
Uskayaw
Wu Jian
Xom
Yredelemnul

Annotations:
D:6 2 transporters, pokeman's ghost, novice DEHW


Innate Abilities, Weirdness & Mutations

Your natural rate of healing is accelerated.
You have razor-sharp teeth.
You have supernaturally acute eyesight. (SInv)
You are afflicted with vampirism and can become a bat while bloodless.


Message History

There is an open door here.
There is an open door here.
There is an open door here.
A skeletal warrior comes into view. It is wielding a +0 glaive.
Found the +5 scythe "Finisher" {speed, execute}.
The skeletal warrior hits you from afar with a +0 glaive!!
Casting: Ensorcelled Hibernation (safe; 3% risk of failure)
Confirm with . or Enter, or press ? or * to list all spells.
You can't see any susceptible monsters within range! (Use Z to cast anyway.)
The skeletal warrior attacks as it pursues you!
The skeletal warrior hits you from afar with a +0 glaive!
Casting: Ensorcelled Hibernation (safe; 3% risk of failure)
Confirm with . or Enter, or press ? or * to list all spells.
Your hands begin to glow red.
The skeletal warrior hits you from afar with a +0 glaive!
You are too injured to fight recklessly!
You are too injured to fight recklessly!
The skeletal warrior closely misses you.
You hit the skeletal warrior but do no damage.
Your bite misses the skeletal warrior.
The skeletal warrior closely misses you.
You barely miss the skeletal warrior.
You hit the skeletal warrior but do no damage.
The skeletal warrior completely misses you.
You hit the skeletal warrior but do no damage.
You bite the skeletal warrior, but do no damage.
The skeletal warrior hits you with a +0 glaive!!
* * * LOW HITPOINT WARNING * * *
You hit the skeletal warrior but do no damage.
You hit the skeletal warrior but do no damage.
The skeletal warrior appears confused.
The skeletal warrior misses you.
You completely miss the skeletal warrior.
You catch the helpless skeletal warrior completely off-guard!
You impale the skeletal warrior!!
You bite the skeletal warrior, but do no damage.
The skeletal warrior is heavily damaged.
You hit the skeletal warrior but do no damage.
The skeletal warrior is heavily damaged.
The skeletal warrior hits you with a +0 glaive!!
You die...

#..##########.#.#
#.#..##.##..#.#.######
#.#.#..#..#.#.#.......
###.##.#####.#..#.......
###...##.#...#.##.........
########...#.#.###)###....######'
#........###.##.#...#.##.........
#......### #.##.##.#..##....)....
'......# #.#..@z#..#.#.........
#......# #.#..##.##..#....)....
#......#####..##########..)......
##'#####..##.............########
...............#.....#...........
...............#.....#...........
...............#.....#...........
...............'.....#...........
...............#.....#...........


You could see a skeletal warrior (confused).

Vanquished Creatures
  Erica (D:8)
  Pikel (D:5)
  Grinder (D:5)
  A hornet (D:7)
  3 wraiths (D:8)
  3 yaks (D:8)
  3 wyverns (D:8)
  A basilisk (D:8)
  A steam dragon (D:5)
  5 water moccasins
  2 orc warriors
  A sky beast (D:6)
  An ice beast (D:5)
  3 centaurs
  3 ogres
  4 black bears
  4 wolves (D:8)
  2 lemures (D:5)
  A phantom (D:5)
  2 kobold brigands (D:7)
  6 scorpions
  3 bullfrogs
  A gnoll sergeant (D:5)
  5 wights
  7 killer bees
  2 bombardier beetles
  2 hounds
  2 jellies (D:5)
  2 orc priests
  3 sleepcaps
  8 orc wizards
  4 iguanas
  Terence (D:2)
  3 gnolls (D:5)
  8 adders
  A shadow imp (D:5)
  2 white imps
  2 ufetubi (D:7)
  4 ribbon worms (D:2)
  20 orcs
  6 ball pythons
  3 bats
  5 endoplasms
  A giant cockroach (D:2)
  4 goblins
  4 hobgoblins
  A jackal (D:1)
  2 quokkas
  5 frilled lizards
  24 kobolds
  5 rats
189 creatures vanquished.

Notes
Turn   | Place    | Note
-------+----------+-------------------------------------------
     0 | D:1      | BubbleThief the Vampire Enchanter began the quest for the
                  | Orb.
     0 | D:1      | Reached XP level 1. HP: 13/13 MP: 3/3
   264 | D:1      | Reached XP level 2. HP: 11/19 MP: 1/5
   267 | D:1      | Learned a level 2 spell: Ensorcelled Hibernation
   679 | D:2      | Noticed Terence
   684 | D:2      | Reached skill level 5 in Stealth
   692 | D:2      | Killed Terence
   693 | D:2      | Reached skill level 5 in Hexes
   693 | D:2      | Gained mutation: You are afflicted with vampirism and can
                  | become a bat while bloodless. [Vampire growth]
   693 | D:2      | Reached XP level 3. HP: 11/24 MP: 0/6
   736 | D:2      | Learned a level 3 spell: Confusing Touch
  1926 | D:3      | Reached XP level 4. HP: 30/30 MP: 7/7
  1967 | D:3      | Reached skill level 6 in Stealth
  2008 | D:3      | Reached XP level 5. HP: 25/35 MP: 0/8
  2565 | D:3      | Found a shimmering blue altar of Sif Muna.
  2735 | D:4      | Found a staircase to the Ecumenical Temple.
  2743 | Temple   | Entered the Ecumenical Temple
  2781 | Temple   | Became a worshipper of Dithmenos the Shadowed
  2826 | D:4      | Reached skill level 7 in Stealth
  2892 | D:4      | Noticed a centaur
  2903 | D:4      | Killed a centaur
  2904 | D:4      | Reached XP level 6. HP: 35/41 MP: 5/9
  3066 | D:4      | Reached skill level 8 in Stealth
  3245 | D:4      | Reached XP level 7. HP: 46/46 MP: 10/10
  3420 | D:4      | Reached skill level 9 in Stealth
  3496 | D:5      | Entered Level 5 of the Dungeon
  3515 | D:5      | Noticed a steam dragon
  3522 | D:5      | Killed a steam dragon
  3877 | D:5      | Found an iron altar of Okawaru.
  3904 | D:5      | Reached skill level 10 in Stealth
  3995 | D:5      | Reached XP level 8. HP: 53/53 MP: 11/11
  4064 | D:5      | Reached skill level 1 in Fighting
  4145 | D:5      | Noticed Grinder
  4152 | D:5      | Paralysed by Grinder for 5 turns
  4172 | D:5      | Killed Grinder
  4172 | D:5      | Reached * piety under Dithmenos
  4287 | D:5      | Reached skill level 11 in Stealth
  4289 | D:5      | Reached skill level 5 in Short Blades
  4761 | D:5      | Noticed Pikel
  4767 | D:5      | Killed Pikel
  4768 | D:5      | Reached skill level 12 in Stealth
  4768 | D:5      | Reached XP level 9. HP: 63/63 MP: 12/12
  5300 | D:6      | Reached skill level 13 in Stealth
  5445 | D:6      | Found a transporter.
  5463 | D:6      | Found a transporter.
  5472 | D:6      | Noticed pokeman's ghost (novice DEHW)
  5509 | D:6      | Reached skill level 5 in Dodging
  5788 | D:6      | Found a sparkling altar of Nemelex Xobeh.
  5788 | D:6      | Found an opulent altar of Gozag.
  6043 | D:7      | Reached ** piety under Dithmenos
  6044 | D:7      | Reached skill level 14 in Stealth
  6725 | D:7      | Reached XP level 10. HP: 65/73 MP: 8/13
  7332 | D:8      | Found a basalt altar of Yredelemnul.
  7336 | D:8      | Noticed Erica
  7475 | D:8      | Killed Erica
  7476 | D:8      | Reached skill level 15 in Stealth
  7592 | D:8      | Reached skill level 5 in Fighting
  7747 | D:8      | Reached *** piety under Dithmenos
  7915 | D:8      | Found a staircase to the Lair.
  7930 | D:8      | Reached skill level 16 in Stealth
  8678 | D:8      | Noticed a skeletal warrior
  8678 | D:8      | Found the +5 scythe "Finisher" {speed, execute}
  8695 | D:8      | Slain by a skeletal warrior

Illustrated notes

Levels and vault maps discovered:
D:1:      onia_arrival_mini_spirals, layout_rooms, minmay_tetromino_t4
D:2:      layout_loops_corners, serial_bayou, serial_bayou_shore_b,
          serial_bayou_lake_a, serial_bayou_pond_a, serial_bayou_ford_a,
          minmay_liquid_box, ebering_dispersal_statue_hall, st_stairs_5,
          uniq_crazy_yiuf_cottage, uniq_terence
D:3:      layout_loops_ring, nicolae_sif_muna_little_library,
          nicolae_elevator_lobby_asterisk
D:4:      layout_gridville, minmay_temple_entry_arrows,
          hangedman_minor_gate_pass
D:5:      layout_loops_ring, okawaru_ov_weapons_minmay, uniq_pikel, uniq_grinder
D:6:      layout_basic, grunt_temple_overflow_opulence,
          gammafunk_ghost_stat_death
D:7:      kennysheep_kobold_camp, layout_basic
D:8:      layout_gridville, mainiacjoe_overflow_concentric_impassable,
          minmay_lair_entry_grove, minmay_guarded_unrand_finisher, uniq_erica
Temple:   nicolae_temple_figure_eight

Skill      XL: |  1  2  3  4  5  6  7  8  9 10 |
---------------+-------------------------------+-----
Stealth        | 5 6 7 8 10 12 14 16 | 16.0
Hexes          | 5 6 7 8 9 |  9.8
Short Blades   | 2 3 4 5 7 8 |  8.3
Fighting       | 3 4 5 |  5.8
Dodging        | 4 5 7 |  7.4
Spellcasting   | |  2.0

Action                     |  1- 3 |  4- 6 |  7- 9 | 10-12 || total
---------------------------+-------+-------+-------+-------++-------
  Melee: Dagger            |    90 |    59 |   260 |   179 ||   588
         Bite              |    10 |     5 |    21 |    32 ||    68
  Throw: Dart              |     1 |       |       |       ||     1
   Cast: Ensorcelled Hiber |     5 |    11 |    61 |    28 ||   105
         Confusing Touch   |       |       |     7 |    11 ||    18
   Stab: Sleeping          |    15 |    19 |    44 |    23 ||   101
         Invisible         |     1 |       |       |       ||     1
         Distracted        |       |     1 |     4 |     3 ||     8
         Confused          |       |       |     6 |    10 ||    16
 Armour: Robe              |    55 |    23 |    71 |    43 ||   192
  Dodge: Dodged            |    37 |    29 |   211 |   126 ||   403

Table legend: (Time is in decaauts)
 A = Elapsed time spent in this place.
 B = Non-inter-level travel time spent in this place.
 C = Inter-level travel time spent in this place.
 D = Time resting spent in this place.
 E = Time spent auto-exploring this place.
 F = Levels seen in this place.
 G = Mean time per level.
                   A        B        C        D        E       F      G
               +--------+--------+--------+--------+--------+-----+--------+
         Total |   8598 |   8288 |    310 |    226 |   6321 |   9 |  955.3 |
       Dungeon |   8524 |   8286 |    238 |    226 |   6321 |   8 | 1065.5 |
        Temple |     74 |      2 |     72 |      0 |      0 |   1 |   74.0 |
               +--------+--------+--------+--------+--------+-----+--------+

Top non-repeatable levels by time:
     D:5: 1664 daAuts
     D:7: 1598 daAuts
     D:2: 1291 daAuts
     D:8: 1163 daAuts
     D:3: 785 daAuts
     D:4: 728 daAuts
     D:1: 650 daAuts
     D:6: 642 daAuts
  Temple: 74 daAuts
